[Event "Team 45 45 League T55"]
[Site "Internet Chess Club"]
[Date "2012.12.23"]
[Round "6"]
[White "MinnArkie"]
[Black "oldsj"]
[Result "1/2-1/2"]
[WhiteElo "1548"]
[BlackElo "1657"]
[Opening "Sicilian: Canal-Sokolsky (Nimzovich-Rossolimo, Moscow) attack"]
[ECO "B51"]
[Time "09:00:56"]
[TimeControl "2700+45"]

1. e4 c5 2. Nf3 d6 3. Bb5+ Nc6 4. Bxc6+ bxc6 5. c4 e5 6. Nc3 Nf6 7. h3 Be7 8. d3
O-O 9. O-O h6 10. Nh2 d5 11. exd5 cxd5 12. cxd5 Nxd5 13. Nf3 Bf6 14. Ne4 Qe7 15.
Qc2 Nb4 16. Qxc5 Nxd3 17. Qxe7 Bxe7 18. Rd1 Bb7 19. Rxd3 Bxe4 20. Re3 Bxf3 21.
Rxf3 Rad8 22. Be3 Rd7 23. Rc1 Rfd8 24. Kf1 e4 25. Rf4 Bf6 26. Rxe4 Bxb2 27. Rc2
Bd4 28. Ke2 Bb6 29. Bxb6 axb6 30. Rb2 f5 31. Re6 b5 32. Re5 Rd5 33. Rxd5 Rxd5
34. Ke3 Kf7 35. g4 Kf6 36. f4 Rc5 37. Kd4 Rc4+ 38. Ke3 b4 39. Kf3 Rc3+ 40. Kg2
Rc4 41. Kf3 fxg4+ 42. hxg4 g5 43. fxg5+ Kxg5 44. Rg2 Rf4+ 45. Ke3 Rxg4 46. Rh2
h5 47. Kd3 h4 48. Ke3 Rg3+ 49. Kd4 Kg4 50. Kc4 h3 51. Kxb4 Rg2 52. Rxh3 Kxh3 53.
a4 Rb2+ 54. Kc5 Kg4 55. a5 Kf5 56. Kc6 Ke6 57. a6 Rc2+ 58. Kb7 Kd7 59. a7 Rc7+
60. Kb8 Rc8+ 61. Kb7 Rc1 62. a8=Q Rb1+ 63. Ka6 Ra1+ 64. Kb7 Rxa8 65. Kxa8 {Game
drawn because neither player has mating material} 1/2-1/2

[Event "Team 45 45 League T55"]
[Site "Internet Chess Club"]
[Date "2012.12.21"]
[Round "6"]
[White "ScotchYeti"]
[Black "Grenadier"]
[Result "1-0"]
[WhiteElo "1695"]
[BlackElo "1691"]
[Opening "Caro-Kann: Panov-Botvinnik attack, 5...e6"]
[ECO "B14"]
[Time "15:16:51"]
[TimeControl "2700+45"]

1. e4 c6 2. d4 d5 3. exd5 cxd5 4. c4 Nf6 5. Nc3 e6 6. Nf3 Bb4 7. cxd5 Nxd5 8.
Bd2 Nc6 9. Bd3 O-O 10. O-O Be7 11. a3 b6 12. Re1 Bb7 13. Rc1 Bf6 14. Nxd5 Qxd5
15. Be4 Qd7 16. Be3 Ne7 17. Bb1 Nd5 18. Qd3 g6 19. Ne5 Qd6 20. Bh6 Rfc8 21.
Rxc8+ Rxc8 22. Qg3 Ne7 23. Ng4 Qxd4 24. Nxf6+ Qxf6 25. Bg5 Qxb2 26. Bxe7 Rc1 27.
Qb8+ Kg7 28. Qf8# {Black checkmated} 1-0

[Event "Team 45 45 League T55"]
[Site "Internet Chess Club"]
[Date "2012.12.24"]
[Round "6"]
[White "zepled37"]
[Black "cepheid"]
[Result "1/2-1/2"]
[WhiteElo "1541"]
[BlackElo "1665"]
[Opening "Bogo-Indian defense, Grünfeld variation"]
[ECO "E11"]
[Time "10:34:27"]
[TimeControl "2700+45"]

1. d4 Nf6 2. c4 e6 3. Nf3 Bb4+ 4. Nbd2 O-O 5. g3 Qe7 6. Bg2 Ne4 7. O-O Nxd2 8.
Bxd2 Bxd2 9. Qxd2 d6 10. Rfd1 Nd7 11. h4 e5 12. d5 Nf6 13. b4 b6 14. Rac1 Bg4
15. Qc2 Rfe8 16. a3 Qd7 17. e4 Nh5 18. Re1 h6 19. Re3 f5 20. exf5 Qxf5 21. Qxf5
Bxf5 22. Nd2 Nf6 23. Ne4 Nxe4 24. Bxe4 Bxe4 25. Rxe4 Rf8 26. Kg2 a5 27. Rc2 axb4
28. axb4 Ra4 29. Rb2 Kh7 30. Re3 g5 31. hxg5 hxg5 32. Rf3 Rxf3 33. Kxf3 Kg6 34.
g4 Ra3+ 35. Ke4 Rc3 36. c5 Rc4+ 37. Kd3 Rxg4 38. cxd6 cxd6 39. Kc3 Rd4 40. Ra2
Rxd5 41. Kc4 Rd1 42. Kb5 Rb1 43. Rd2 Kf5 44. Rxd6 Rb2 45. Rd8 Ke4 46. Rg8 Rxf2
47. Rxg5 Kf4 48. Rg6 e4 49. Kxb6 e3 50. b5 e2 51. Re6 Kf3 52. Ka7 Kg2 53. b6 Kf1
54. b7 Rf7 55. Ka8 Rf8+ 56. b8=Q Rxb8+ 57. Kxb8 e1=Q 58. Rxe1+ Kxe1 {Game drawn
because neither player has mating material} 1/2-1/2

[Event "Team 45 45 League T55"]
[Site "Internet Chess Club"]
[Date "2012.12.22"]
[Round "6"]
[White "cBishop"]
[Black "GoIrish"]
[Result "1-0"]
[WhiteElo "1647"]
[BlackElo "1557"]
[Opening "Alekhine's defense: exchange variation"]
[ECO "B02"]
[Time "07:02:34"]
[TimeControl "2700+45"]

1. e4 Nf6 2. e5 Nd5 3. c4 Nb6 4. d4 d6 5. exd6 exd6 6. Nf3 Bg4 7. Be3 g6 8. Bd3
Bg7 9. Nbd2 O-O 10. O-O Nc6 11. Qb3 Rb8 12. Rac1 d5 13. c5 Nc8 14. a3 N8e7 15.
Qc2 Qd7 16. b4 a6 17. Qc3 Nf5 18. a4 Rfe8 19. Bb1 Nxe3 20. fxe3 Nd8 21. Bc2 c6
22. h3 Bxh3 23. gxh3 Qxh3 24. Rf2 Bh6 25. Nf1 Qg4+ 26. Kh1 Qe6 27. Re1 Qh3+ 28.
N1h2 Qe6 29. Rg2 Qf6 30. Ne5 Qe6 31. Qd3 Bg7 32. Nhf3 f5 33. Ng5 Qe7 34. Ngf3
Nf7 35. Nxf7 Kxf7 36. Qf1 h6 37. Qg1 Qf6 38. Ne5+ Rxe5 39. dxe5 Qh4+ 40. Rh2
Qxb4 41. e6+ Kf6 42. e4 dxe4 43. Rf2 Qxc5 44. Rxe4 Qd5 45. e7 Re8 46. Kh2 Qd6+
47. Kh3 Rxe7 48. Qa1+ Kf7 49. Rxe7+ Qxe7 50. Bb3+ Kf8 51. Qd1 Qe3+ 52. Rf3 Qe7
53. Rd3 Bf6 54. Qd2 g5 55. Re3 g4+ 56. Kg2 Qc5 57. Qe2 Kg7 58. Re8 Qb4 59. Qd3
Qd4 60. Rg8+ Kh7 61. Qxf5# {Black checkmated} 1-0

[Event "Team 45 45 League T55"]
[Site "Internet Chess Club"]
[Date "2012.12.23"]
[Round "6"]
[White "BrerRabbit"]
[Black "Gilguli"]
[Result "0-1"]
[WhiteElo "1448"]
[BlackElo "1377"]
[Opening "Queen's pawn, Mason variation"]
[ECO "D00"]
[Time "15:02:07"]
[TimeControl "2700+45"]

1. d4 d5 2. Bf4 Nf6 3. e3 h6 4. c4 c6 5. Nc3 Bf5 6. Qb3 Qb6 7. Nf3 e6 8. Be2
Nbd7 9. h3 Be7 10. O-O g5 11. Bh2 g4 12. hxg4 Nxg4 13. Bf4 O-O-O 14. Bg3 h5 15.
Nh4 Rdg8 16. Nxf5 exf5 17. Bf4 h4 18. cxd5 h3 19. g3 Ndf6 20. Qxb6 axb6 21. dxc6
bxc6 22. Rac1 Kd7 23. Bd3 Ke6 24. Bc4+ Nd5 25. Nxd5 cxd5 26. Bd3 Rc8 27. a3 h2+
28. Kh1 Rxc1 {White resigns} 0-1

[Event "Team 45 45 League T55"]
[Site "Internet Chess Club"]
[Date "2012.12.22"]
[Round "6"]
[White "arconia"]
[Black "Elalfer"]
[Result "1-0"]
[WhiteElo "1354"]
[BlackElo "1388"]
[Opening "Sicilian defense"]
[ECO "B30"]
[Time "13:00:33"]
[TimeControl "2700+45"]

1. e4 c5 2. Nf3 Nc6 3. Be2 g6 4. Nc3 Bg7 5. O-O d6 6. h3 Nf6 7. b3 Nxe4 8. Bb2
Nxc3 9. Bxc3 Bxc3 10. dxc3 O-O 11. Nh2 f5 12. f4 e5 13. Bc4+ Kg7 14. Rf3 e4 15.
Rg3 Qh4 16. Re3 Qxf4 17. Qe1 Qe5 18. Rd1 Qe7 19. h4 Be6 20. Bxe6 Qxe6 21. Nf3
Qf6 22. Ng5 Rad8 23. Nh3 d5 24. h5 d4 25. Rg3 dxc3 26. hxg6 hxg6 27. Nf4 g5 28.
Nh5+ {Black resigns} 1-0

[Event "Team 45 45 League T55"]
[Site "Internet Chess Club"]
[Date "2012.12.26"]
[Round "6"]
[White "fuzzface"]
[Black "chips"]
[Result "1/2-1/2"]
[WhiteElo "1363"]
[BlackElo "1232"]
[Opening "English, 1...Nf6 (Anglo-Indian defense)"]
[ECO "A15"]
[Time "09:01:30"]
[TimeControl "2700+45"]

1. c4 Nf6 2. g3 g6 3. Bg2 Bg7 4. d3 d5 5. c5 c6 6. d4 O-O 7. Nc3 Nbd7 8. e4 dxe4
9. Nxe4 Nxe4 10. Bxe4 e6 11. Be3 Nf6 12. Bf3 Nd5 13. Bxd5 Qxd5 14. Qf3 Qxf3 15.
Nxf3 Re8 16. O-O Bd7 17. Rab1 b5 18. b4 a5 19. a3 axb4 20. axb4 Ra3 21. Rfd1
Rea8 22. Ne5 Bxe5 23. dxe5 Be8 24. Bd4 Rd8 25. Kg2 Ra7 26. Rb2 Rda8 27. Rbb1 Rd7
28. Kf1 Rad8 29. f4 Rxd4 30. Rxd4 Rxd4 31. Ke2 Kf8 32. Ke3 Rd7 33. Ra1 Rc7 34.
g4 Kg7 35. Ra8 Kf8 36. Ra1 Ke7 37. g5 Rc8 38. h4 Kd7 39. Ra7+ Rc7 40. Ra1 Ke7
41. Ke4 Rc8 42. Ra7+ Kf8 43. Ra1 Kg7 44. Ke3 h6 45. Kf3 Rd8 46. Ke4 hxg5 47.
hxg5 Rd2 48. Rb1 Re2+ 49. Kf3 Rc2 50. Ke3 Rc3+ 51. Kd4 Rc4+ 52. Ke3 Rc3+ 53. Kd4
Rc4+ 54. Ke3 Rc3+ 55. Kd4 Rc4+ {Game drawn by repetition} 1/2-1/2

[Event "Team 45 45 League T55"]
[Site "Internet Chess Club"]
[Date "2012.12.26"]
[Round "6"]
[White "Macovitski"]
[Black "tamky70"]
[Result "0-1"]
[WhiteElo "1233"]
[BlackElo "1404"]
[Opening "French: Two knights variation"]
[ECO "C00"]
[Time "09:30:11"]
[TimeControl "2700+45"]

1. e4 e6 2. Nf3 d5 3. Nc3 Nf6 4. e5 Nfd7 5. d4 c5 6. dxc5 Nc6 7. Bf4 a6 8. Bd3
Be7 9. O-O Nxc5 10. Be2 O-O 11. a3 Nd7 12. Bd3 Nc5 13. Be2 Nd7 14. Qd2 f6 15.
exf6 Nxf6 16. Bd3 Bd6 17. Bg5 Be7 18. Rfe1 b5 19. Bxf6 Bxf6 20. Re3 d4 21. Bxh7+
Kxh7 22. Ng5+ Bxg5 23. Rh3+ Kg8 24. Qd3 Qf6 25. Qh7+ Kf7 26. Ne4 Qf5 27. Nd6+
Kf6 28. Nxf5 exf5 29. Re1 Bd7 30. Qh5 g6 31. Qe2 Rfe8 32. Qd1 Rxe1+ 33. Qxe1 Re8
34. Qxe8 Bxe8 35. Rh8 Bd7 36. Ra8 a5 37. f4 Bxf4 38. Kf2 Bc1 39. Rf8+ Kg7 40.
Ra8 Bxb2 {White resigns} 0-1

[Event "Team 45 45 League T55"]
[Site "Internet Chess Club"]
[Date "2012.12.23"]
[Round "6"]
[White "wildangels"]
[Black "lawth3"]
[Result "1-0"]
[WhiteElo "1080"]
[BlackElo "1291"]
[Opening "Réti opening"]
[ECO "A05"]
[Time "08:58:58"]
[TimeControl "2700+45"]

1. Nf3 Nf6 2. d3 d5 3. g3 Bg4 4. Bg2 e6 5. O-O Bd6 6. Nbd2 c5 7. Re1 O-O 8. c3
Nc6 9. e4 dxe4 10. dxe4 Ne5 11. Qc2 Rc8 12. h3 Bh5 13. b3 Rc7 14. Bb2 Qd7 15. c4
b5 16. Rad1 Qc6 17. Rc1 Nfd7 18. Re3 Nxf3+ 19. Bxf3 Bxf3 20. Rxf3 Be5 21. Re1
Bxb2 22. Qxb2 f6 23. Rf4 Ne5 24. Qc2 g5 25. Rf3 Nxf3+ 26. Nxf3 Rd8 27. Nh2 h5
28. Qe2 Qe8 29. e5 f5 30. Qe3 Qg6 31. cxb5 Rd4 32. Nf3 Re4 33. Qd3 Rxe1+ 34.
Nxe1 Qg7 35. Qd8+ Kh7 36. Nf3 g4 37. Ng5+ Kh6 38. Nxe6 Qe7 39. Qh8+ Qh7 40. Qf8+
Rg7 41. Qf6+ Qg6 42. Qxg7+ Qxg7 43. Nxg7 Kxg7 44. h4 Kf7 45. Kg2 Ke6 46. f3 Kxe5
47. a3 Kd4 48. b4 Kc4 49. b6 axb6 50. f4 Kb3 51. b5 Kxa3 52. Kf2 c4 53. Ke2 c3
54. Kd1 Kb2 55. Ke1 c2 56. Kd2 c1=Q+ 57. Kd3 Qc6 58. bxc6 {Black resigns} 1-0

[Event "Team 45 45 League T55"]
[Site "Internet Chess Club"]
[Date "2012.12.23"]
[Round "6"]
[White "Just-Jim"]
[Black "SeniorCitizen"]
[Result "0-1"]
[WhiteElo "1405"]
[BlackElo "1349"]
[Opening "French: advance variation"]
[ECO "C02"]
[Time "15:00:23"]
[TimeControl "2700+45"]

1. e4 e6 2. d4 d5 3. e5 c5 4. c3 Nc6 5. Bb5 Bd7 6. Bxc6 Bxc6 7. Nf3 cxd4 8. cxd4
Ne7 9. Nc3 Qb6 10. O-O Nf5 11. a3 Be7 12. h3 O-O 13. b4 a6 14. Be3 Nxe3 15. fxe3
Qd8 16. Nh2 Bg5 17. Qe1 f6 18. h4 Bh6 19. exf6 Rxf6 20. Qg3 Rg6 21. Qf3 Qe7 22.
Ng4 Rf8 23. Qe2 Qxh4 24. Nxh6+ Rxh6 25. Rxf8+ Kxf8 26. Qf2+ Qxf2+ 27. Kxf2 Rf6+
28. Kg3 Ke7 29. Rh1 h6 30. Ne2 g5 31. Kg4 Kd6 32. Nc3 e5 33. dxe5+ Kxe5 34. a4
d4 35. exd4+ Kxd4 36. Ne2+ Kc4 37. b5 axb5 38. axb5 Kxb5 39. Nd4+ Kb6 40. Nf5
Bxg2 41. Rxh6 Rxh6 42. Nxh6 Kc5 43. Kxg5 b5 44. Ng4 b4 45. Nf2 Kc4 46. Kf4 Kd4
47. Nd1 b3 48. Nb2 Bc6 49. Nd1 Bb5 50. Kf3 Kd3 51. Kf2 Kd2 52. Nb2 Kc2 53. Ke1
Kxb2 54. Kd2 Ka1 55. Kc3 b2 {White resigns} 0-1

[Event "Team 45 45 League T55"]
[Site "Internet Chess Club"]
[Date "2012.12.22"]
[Round "6"]
[White "jjaco"]
[Black "PsyMar"]
[Result "0-1"]
[WhiteElo "1179"]
[BlackElo "1339"]
[Opening "French: Two knights variation"]
[ECO "C00"]
[Time "11:04:03"]
[TimeControl "2700+45"]

1. e4 e6 2. Nf3 d5 3. Nc3 d4 4. Nb1 c5 5. Bc4 Nc6 6. O-O Qc7 7. d3 Bd6 8. Re1
Nge7 9. Na3 a6 10. c3 Ng6 11. g3 O-O 12. Nc2 Bd7 13. Kg2 Rad8 14. cxd4 cxd4 15.
Ncxd4 Bc5 16. Be3 Nxd4 17. Bxd4 Bxd4 18. Qc2 Qd6 19. Re2 Rc8 20. Qb3 b5 21. Nxd4
Qxd4 22. Qc3 Qxc3 23. bxc3 bxc4 24. dxc4 Rxc4 25. Rd2 Bc6 26. Rd6 Rxc3 27. Rd7
{White resigns} 0-1

[Event "Team 45 45 League T55"]
[Site "Internet Chess Club"]
[Date "2012.12.21"]
[Round "6"]
[White "rgadoury"]
[Black "Sanjaya"]
[Result "0-1"]
[WhiteElo "1224"]
[BlackElo "1097"]
[Opening "Petrov three knights game"]
[ECO "C42"]
[Time "19:01:12"]
[TimeControl "2700+45"]

1. e4 e5 2. Nf3 Nf6 3. Nc3 Bb4 4. Bc4 O-O 5. O-O Re8 6. a3 Bxc3 7. dxc3 Nxe4 8.
Re1 Nd6 9. Bb3 e4 10. Bg5 Re7 11. Nd2 Kh8 12. Bxe7 Qxe7 13. Bd5 f5 14. Bb3 Nf7
15. Bxf7 Qxf7 16. b4 d6 17. Nf1 b6 18. Ne3 Bb7 19. g3 Nd7 20. c4 Ne5 21. Re2 Rf8
22. Nd5 Nf3+ 23. Kh1 Qh5 24. h4 g5 25. Kg2 gxh4 26. Nf4 Qg4 27. Qh1 e3 28. Nd5
Bxd5 29. cxd5 hxg3 30. Rxe3 Nh4+ 31. Kf1 g2+ 32. Qxg2 Qxg2+ 33. Ke2 f4 34. Re4
Qxe4+ {White resigns} 0-1

[Event "Team 45 45 League T55"]
[Site "Internet Chess Club"]
[Date "2012.12.22"]
[Round "6"]
[White "johnnyw"]
[Black "oldbookseller"]
[Result "1-0"]
[WhiteElo "1132"]
[BlackElo "1109"]
[Opening "Sicilian: closed"]
[ECO "B23"]
[Time "13:00:33"]
[TimeControl "2700+45"]

1. e4 c5 2. Nc3 d6 3. g3 Nc6 4. Bg2 Nf6 5. d3 Be6 6. f4 g6 7. Nf3 h6 8. Be3 Bg7
9. h3 Qb6 10. e5 Nd5 11. Bd2 dxe5 12. Na4 Qb5 13. b3 Bf5 14. c4 Qa6 15. cxd5
Bxd3 16. Bf1 O-O 17. dxc6 e4 18. Nxc5 Qxc6 19. Rc1 exf3 20. Nxd3 Bd4 21. Rxc6
bxc6 22. Qxf3 Rac8 23. Qe4 Bf6 24. Ne5 Rfd8 25. Nxc6 Rd6 26. Nxe7+ Bxe7 27. Bc4
Rcd8 28. Qxe7 Rxd2 29. Qxf7+ Kh8 30. O-O Rxa2 31. Qf6+ Kh7 32. Qxd8 h5 33. Qg8+
Kh6 34. Qh8# {Black checkmated} 1-0

[Event "Team 45 45 League T55"]
[Site "Internet Chess Club"]
[Date "2012.12.23"]
[Round "6"]
[White "Egmont"]
[Black "room-matt"]
[Result "0-1"]
[WhiteElo "1638"]
[BlackElo "1797"]
[Opening "Queen's pawn, Mason variation"]
[ECO "D00"]
[Time "06:00:39"]
[TimeControl "2700+45"]

1. d4 d5 2. Bf4 Nf6 3. e3 c5 4. c3 Nc6 5. Nd2 Bf5 6. Ngf3 Qb6 7. Qb3 c4 8. Qxb6
axb6 9. Be2 e6 10. O-O Be7 11. h3 b5 12. a3 O-O 13. g4 Bg6 14. Ne5 Nxe5 15. Bxe5
Nd7 16. Bg3 f5 17. f3 Bf6 18. Bd6 Rfe8 19. f4 h6 20. Nf3 Be7 21. Bxe7 Rxe7 22.
g5 Bh5 23. h4 Bg4 24. Kf2 Nb6 25. Ne1 h5 26. Bxg4 fxg4 27. Nc2 Kh7 28. Kg3 Kg6
29. e4 dxe4 30. Rae1 Nc8 31. Rxe4 Nd6 32. Re5 Nf5+ 33. Kf2 Nxh4 34. Rxb5 Rf8 35.
Ke3 Nf5+ 36. Ke2 Ng3+ {White resigns} 0-1

[Event "Team 45 45 League T55"]
[Site "Internet Chess Club"]
[Date "2012.12.26"]
[Round "6"]
[White "hondocando"]
[Black "kpjw"]
[Result "0-1"]
[WhiteElo "1518"]
[BlackElo "1608"]
[Opening "French: Winawer, advance variation"]
[ECO "C18"]
[Time "07:00:48"]
[TimeControl "2700+45"]

1. e4 e6 2. d4 d5 3. Nc3 Bb4 4. e5 c5 5. a3 Bxc3+ 6. bxc3 Qa5 7. Bd2 Qa4 8. Qb1
c4 9. Nf3 f6 10. Be2 fxe5 11. Nxe5 Nf6 12. O-O O-O 13. Bf3 Nc6 14. Re1 Nxe5 15.
Rxe5 b6 16. h3 Bd7 17. Ra2 Qc6 18. Rb2 Be8 19. Qe1 Bf7 20. g4 Rae8 21. Bf4 Bg6
22. Bg3 Ne4 23. Bxe4 Bxe4 24. f4 Qd7 25. Qd2 Qf7 26. Rb1 Qg6 27. Rg5 Qf7 28. Rf1
h6 29. Re5 Qg6 30. Rf2 Qf7 31. Kh2 Qe7 32. f5 Qd7 33. f6 g5 34. Rxg5+ hxg5 35.
Qxg5+ Kh8 36. f7 Rxf7 37. Qh6+ Bh7 38. Be5+ Rg7 39. Qf6 Kg8 40. Qh6 Rg6 41. Qf4
b5 42. h4 Qe7 43. Kh3 a5 44. h5 Rg7 45. h6 Rg6 46. Bg7 Rxg7 47. hxg7 Qxg7 48.
Qd6 Qh6+ 49. Kg3 Qe3+ 50. Rf3 Qh6 51. Qd7 Rf8 52. Rxf8+ Kxf8 53. Qd8+ Kf7 54.
Qd7+ Kf6 55. Qd8+ Kg6 56. Qe8+ Kf6 57. Qd8+ Kg6 58. Qe8+ Kg7 59. Qe7+ Kh8 60. g5
Qg7 61. Qe8+ Qg8 62. Qh5 Qg6 63. Qg4 Qe4 64. Qh5 Qe3+ 65. Kh4 Qe1+ 66. Kg4 Qe2+
67. Kh4 Qxh5+ 68. Kxh5 Bxc2 69. Kg4 Kg7 70. Kf4 Kg6 71. Ke5 Bf5 72. Kf4 Kh5 73.
Ke3 Kxg5 74. Kd2 Kf4 75. Ke2 Ke4 76. Kd2 Kf3 77. Kd1 Ke3 78. Kc1 Kd3 79. Kb2 Kd2
80. a4 bxa4 {White resigns} 0-1

[Event "Team 45 45 League T55"]
[Site "Internet Chess Club"]
[Date "2012.12.23"]
[Round "6"]
[White "DutchBird"]
[Black "Zugzwanged"]
[Result "1-0"]
[WhiteElo "1471"]
[BlackElo "1659"]
[Opening "Two knights defense"]
[ECO "C55"]
[Time "09:00:51"]
[TimeControl "2700+45"]

1. e4 e5 2. Bc4 Nf6 3. d4 Nc6 4. Nf3 Nxe4 5. dxe5 Bc5 6. Qd5 O-O 7. Qxe4 Re8 8.
O-O d6 9. Ng5 Nxe5 10. Qxh7+ Kf8 11. Nc3 Nxc4 12. Nd5 {Black resigns} 1-0

[Event "Team 45 45 League T55"]
[Site "Internet Chess Club"]
[Date "2012.12.22"]
[Round "6"]
[White "Warpdrive"]
[Black "supermessi"]
[Result "1-0"]
[WhiteElo "1722"]
[BlackElo "1579"]
[Opening "Sicilian: Richter-Rauzer, Rauzer attack, 7...Be7"]
[ECO "B63"]
[Time "18:04:01"]
[TimeControl "2700+45"]

1. e4 c5 2. Nf3 d6 3. d4 cxd4 4. Nxd4 Nf6 5. Nc3 Nc6 6. Bg5 e6 7. Qd2 Be7 8.
O-O-O a6 9. f4 Qc7 10. Be2 O-O 11. Bxf6 Bxf6 12. Nxc6 Qxc6 13. Qxd6 Bxc3 14.
Qxc6 Bxb2+ 15. Kxb2 bxc6 16. e5 Bb7 17. Bf3 a5 18. c4 Rab8 19. Kc3 g6 20. Rb1
Ba8 21. c5 Rb5 22. a4 Rbb8 23. Rb6 Rxb6 24. cxb6 Rb8 25. Rb1 Kf8 26. Kc4 Ke7 27.
Kc5 Kd7 28. Rd1+ Ke7 29. Bxc6 Bxc6 30. Kxc6 Rc8+ 31. Kb7 Rc4 32. Ka7 {Black
resigns} 1-0

[Event "Team 45 45 League T55"]
[Site "Internet Chess Club"]
[Date "2012.12.22"]
[Round "6"]
[White "JohLeb"]
[Black "birk113"]
[Result "0-1"]
[WhiteElo "1382"]
[BlackElo "1463"]
[Opening "King's Indian: 4.e4"]
[ECO "E70"]
[Time "15:00:41"]
[TimeControl "2700+45"]

1. d4 Nf6 2. c4 g6 3. Nc3 Bg7 4. e4 d6 5. Bd3 O-O 6. Nge2 e5 7. d5 a5 8. a3 Nbd7
9. Bg5 Nc5 10. Bc2 h6 11. Bh4 g5 12. Bg3 Nfxe4 13. Nxe4 f5 14. Nxc5 dxc5 15. f3
Qf6 16. Rb1 Re8 17. O-O Bd7 18. Bf2 b6 19. Ng3 Qf7 20. Qd3 Rf8 21. Be1 Bh8 22.
Bc3 f4 23. Ne4 Rad8 24. b4 cxb4 25. axb4 axb4 26. Bxb4 c5 27. Bc3 b5 28. Nd6
bxc4 29. Qxc4 Qf6 30. Ne4 Qf7 31. Rb6 Bg7 32. Nxc5 Rc8 33. Bg6 Qe7 34. Bb4 Rfd8
35. Qe4 Rxc5 36. Bh7+ Kh8 37. Kh1 Rdc8 38. Bxc5 Qxc5 39. Rbb1 Ba4 40. Bf5 Bc2
41. Qb4 Qxb4 42. Rxb4 Bxf5 43. h3 Bf8 44. Rb6 Rd8 45. Rd1 Kg7 46. Kh2 Bc5 47.
Rc6 Bd4 48. g4 fxg3+ 49. Kxg3 Rxd5 50. Rdc1 Rd7 51. Rc7 Rxc7 52. Rxc7+ Kg6 53.
Rc6+ Kh5 54. Rc4 Be3 55. Kg2 Bf4 56. Rb4 Kh4 57. Rb6 Bxh3+ 58. Kf2 h5 59. Rb4 g4
60. Rb3 g3+ 61. Kg1 g2 62. Rb1 Kg3 63. Rb3 Be6 64. Rc3 h4 {White resigns} 0-1

[Event "Team 45 45 League T55"]
[Site "Internet Chess Club"]
[Date "2012.12.22"]
[Round "6"]
[White "oldsj"]
[Black "krysto"]
[Result "1-0"]
[WhiteElo "1662"]
[BlackElo "1615"]
[Opening "French: exchange variation"]
[ECO "C01"]
[Time "15:00:33"]
[TimeControl "2700+45"]

1. e4 e6 2. d4 d5 3. exd5 exd5 4. c4 Nf6 5. Nc3 Be7 6. Nf3 O-O 7. Bd3 Re8 8. O-O
Bg4 9. Be3 Nc6 10. c5 Nb4 11. Be2 Rb8 12. a3 Bxf3 13. Bxf3 Nc6 14. b4 a6 15. Qb3
b6 16. Nxd5 Na7 17. Nxf6+ Bxf6 18. Rad1 Qd7 19. Rfe1 Rbd8 20. d5 Qe7 21. Kf1 Qe5
22. cxb6 cxb6 23. Bxb6 Qxh2 24. g3 Rxe1+ 25. Rxe1 Qh3+ 26. Bg2 Qd7 27. Bxd8 Bxd8
28. Qe3 Kf8 29. Qe4 g6 30. Qe5 f6 31. Qe6 Qb5+ 32. Kg1 Kg7 33. d6 Nc6 34. Bxc6
Qxc6 35. d7 Qxe6 36. Rxe6 Kf7 37. Rxa6 Ke7 38. Ra7 h5 39. Kg2 Ke6 40. b5 g5 41.
a4 Bb6 42. Rb7 Bd8 43. b6 Kd6 44. a5 Kc6 45. a6 f5 46. Rb8 {Black resigns} 1-0

[Event "Team 45 45 League T55"]
[Site "Internet Chess Club"]
[Date "2012.12.23"]
[Round "6"]
[White "whiskeytown"]
[Black "Tjet"]
[Result "1-0"]
[WhiteElo "1593"]
[BlackElo "1456"]
[Opening "King's pawn opening"]
[ECO "B07"]
[Time "15:15:50"]
[TimeControl "2700+45"]

1. e4 d6 2. d4 e5 3. dxe5 dxe5 4. Qxd8+ Kxd8 5. Bc4 Be6 6. Bxe6 fxe6 7. Nf3 Bd6
8. Be3 Nf6 9. Nbd2 Nbd7 10. h3 Ke7 11. O-O-O a5 12. Ne1 Bc5 13. Bxc5+ Nxc5 14.
f3 Rhd8 15. Nc4 Rxd1+ 16. Kxd1 Ncd7 17. Nd3 b5 18. Ncxe5 Nxe5 19. Nxe5 c5 20.
Ke2 Ra6 21. Rd1 Rd6 22. Rxd6 Kxd6 23. Nd3 c4 24. e5+ Kd5 25. exf6 cxd3+ 26. Kxd3
gxf6 27. g4 h6 28. b3 e5 29. c4+ bxc4+ 30. bxc4+ Kc5 31. Kc3 Kc6 32. Kb3 Kc5 33.
Ka4 Kxc4 34. Kxa5 Kc5 35. a4 Kc6 36. Kb4 Kb6 37. Kc4 {Black resigns} 1-0

[Event "Team 45 45 League T55"]
[Site "Internet Chess Club"]
[Date "2012.12.31"]
[Round "6"]
[White "stanbeers"]
[Black "QuimCatala"]
[Result "1-0"]
[WhiteElo "1435"]
[BlackElo "1311"]
[Opening "QGD: Marshall defense"]
[ECO "A50"]
[Time "13:00:19"]
[TimeControl "2700+45"]

1. d4 Nf6 2. c4 d5 3. cxd5 Nxd5 4. e4 Nb6 5. Nc3 e6 6. Nf3 c5 7. Be3 cxd4 8.
Bxd4 Nc6 9. Bb5 Bd7 10. Bxc6 Bxc6 11. O-O Qc7 12. Be5 Qe7 13. Bg3 Qb4 14. Qc2
Rd8 15. a3 Qc5 16. Rad1 Be7 17. Bc7 Rxd1 18. Rxd1 Nd7 19. b4 Qc4 20. Rd4 Qa6 21.
b5 Qxa3 22. bxc6 Qa1+ 23. Rd1 Qa3 24. cxd7+ Kf8 25. d8=Q+ Bxd8 26. Rxd8+ Ke7 27.
Rxh8 Qa1+ 28. Qd1 Qxd1+ 29. Nxd1 h6 30. Ba5 f6 31. Bb4+ Kf7 32. Rb8 b6 33. Rb7+
Kg6 34. Rxa7 h5 35. h4 f5 36. exf5+ exf5 37. Rb7 Kh6 38. Rxb6+ g6 39. Ng5 f4 40.
Rb7 {Black resigns} 1-0

[Event "Team 45 45 League T55"]
[Site "Internet Chess Club"]
[Date "2012.12.22"]
[Round "6"]
[White "tamky70"]
[Black "wekabird"]
[Result "0-1"]
[WhiteElo "1393"]
[BlackElo "1142"]
[Opening "Réti opening"]
[ECO "A04"]
[Time "19:30:16"]
[TimeControl "2700+45"]

1. Nf3 c6 2. b4 d5 3. Bb2 Nf6 4. a3 e6 5. e3 b6 6. Be2 Be7 7. O-O O-O 8. d3 Nbd7
9. Nbd2 a5 10. Nd4 Bb7 11. b5 cxb5 12. Nxb5 Ba6 13. a4 Bxb5 14. axb5 Rc8 15. Nb3
Qc7 16. Nd4 Nb8 17. Ra4 e5 18. Nf5 Rfe8 19. c3 Qd7 20. e4 Qxb5 21. Nxe7+ Rxe7
22. Ba1 Qd7 23. exd5 Nxd5 24. Bg4 f5 25. c4 Nb4 26. Bh3 Nxd3 27. Ra3 Nc5 28.
Qxd7 Ncxd7 29. Bxf5 Rxc4 30. Rh3 g6 31. Bd3 Rc5 32. Bb2 Nc6 33. Ba3 Nb4 34. Bb1
Nf6 35. Rd1 Rd7 36. Rxd7 Nxd7 37. Ba2+ Kh8 38. Rb3 Rc2 39. Bb1 Rd2 40. g3 Rd4
41. Re3 Rd1+ 42. Kg2 Rxb1 43. Rc3 Nc5 44. Rf3 Kg7 45. Re3 e4 46. f3 Rb3 47. Rxb3
Nxb3 48. Bb2+ Kh6 49. fxe4 a4 50. e5 Nd5 51. e6 Nc5 52. Kf3 Nxe6 53. Ke4 Nb4 54.
Ba3 Nc2 55. Bc1+ g5 56. Kd3 Ncd4 57. Bb2 Nf3 58. h3 Nc5+ 59. Kc4 Nd2+ 60. Kb5
Nde4 61. Kxb6 Nd3 62. Ba3 Nxg3 63. Kb5 Nf2 64. Bf8+ Kg6 65. Kxa4 Nxh3 66. Kb3 h5
67. Kc3 h4 68. Kd3 Kf5 69. Bd6 Kg4 70. Be5 Nf2+ 71. Ke3 Nfe4 {White resigns} 0-1

[Event "Team 45 45 League T55"]
[Site "Internet Chess Club"]
[Date "2012.12.21"]
[Round "6"]
[White "g8wrb"]
[Black "caglar"]
[Result "1/2-1/2"]
[WhiteElo "1416"]
[BlackElo "1487"]
[Opening "Budapest: Rubinstein variation"]
[ECO "A52"]
[Time "06:04:42"]
[TimeControl "2700+45"]

1. d4 Nf6 2. c4 e5 3. dxe5 Ng4 4. Bf4 Nc6 5. Nf3 Bb4+ 6. Nbd2 Qe7 7. a3 Ngxe5 8.
Nxe5 Nxe5 9. Bxe5 Bxd2+ 10. Qxd2 Qxe5 11. e3 d6 12. Be2 Bf5 13. O-O O-O 14. b4
Rad8 15. Rad1 c6 16. Bf3 Be4 17. Bxe4 Qxe4 18. Qd4 Qxd4 19. exd4 Rfe8 20. Rfe1
f5 21. Kf1 Kf7 22. Re2 Re6 23. Rde1 Rde8 24. Rxe6 Rxe6 25. Rxe6 Kxe6 26. Ke2
{Game drawn by mutual agreement} 1/2-1/2

[Event "Team 45 45 League T55"]
[Site "Internet Chess Club"]
[Date "2012.12.22"]
[Round "6"]
[White "BrerRabbit"]
[Black "Andressa"]
[Result "1/2-1/2"]
[WhiteElo "1469"]
[BlackElo "1439"]
[Opening "Queen's pawn, Mason variation"]
[ECO "D00"]
[Time "19:07:45"]
[TimeControl "2700+45"]

1. d4 d5 2. Bf4 e6 3. e3 Nf6 4. c3 b6 5. Nd2 Bb7 6. Ngf3 Nbd7 7. Bd3 Be7 8. h3
O-O 9. O-O c5 10. Rc1 Ne4 11. Be2 Rc8 12. Ne1 c4 13. Nxe4 dxe4 14. Qa4 a6 15.
Qd1 b5 16. a4 Qa5 17. axb5 axb5 18. Ra1 Qb6 19. Qd2 b4 20. Nc2 b3 21. Nb4 Nf6
22. Ra4 Nd5 23. Nxd5 exd5 24. Rfa1 Ra8 25. Qd1 Rxa4 26. Rxa4 Bc6 27. Ra1 Rd8 28.
Bg4 h6 29. f3 Bd7 30. Bxd7 Rxd7 31. Ra8+ Rd8 32. Qa1 Qc6 33. Ra6 Qc8 34. Kf2
{Game drawn by mutual agreement} 1/2-1/2